 Dungeon Crawl Stone Soup version 0.26.0-8-g74fc34ddfb (webtiles) character file.

Game seed: 1800037104997705840

3949 Descartes the Protected (level 10, 0/69 (74) HPs)
             Began as a Formicid Abyssal Knight on Jan 12, 2021.
             Was an Elder of Lugonu.
             Slain by a wight
             ... wielding a +5 falchion of freezing
              (5 damage)
             ... on level 9 of the Dungeon.
             The game lasted 00:26:00 (10573 turns).

Descartes the Protected (Formicid Abyssal Knight)  Turns: 10573, Time: 00:26:01

HP:   0/69 (74)     AC:  8    Str: 18    XL:     10   Next: 45%
MP:   16/16         EV: 13    Int: 19    God:    Lugonu [****..]
Gold: 425           SH:  0    Dex: 12    Spells: 9/9 levels left

rFire    . . .     SeeInvis +   B - +1 lajatang (spect)
rCold    . . .     Faith    .   (no shield)
rNeg     . . .     Spirit   .   O - +0 ring mail of Amejif {Will+ Int+5 Dex+2}
rPois    .         Reflect  .   (helmet unavailable)
rElec    .         Harm     .   (no cloak)
rCorr    .         Rampage  .   N - +0 pair of gloves
Will     +++..                  (no boots)
Stlth    ++........             (no amulet)
HPRegen  0.21/turn              l - ring of willpower
MPRegen  0.15/turn              z - ring of stealth

@: drained
A: permanent stasis, dig shafts and tunnels, four strong arms, antennae 3
a: Dig, Shaft Self, Renounce Religion, Depart the Abyss, Bend Space, Banish,
Corrupt


You were on level 9 of the Dungeon.
You worshipped Lugonu.
Lugonu was greatly pleased with you.
You visited 1 branch of the dungeon, and saw 9 of its levels.
You visited the Abyss 1 time.

You collected 553 gold pieces.
You spent 128 gold pieces at shops.

Inventory:

Hand Weapons
 a - a +1 falchion
 c - a +2 dagger of venom
 B - a +1 spectral lajatang (weapon)
 D - the +8 dagger "Bonin Rev" {protect, rF+}
   (You took it off an orc on level 6 of the Dungeon)

   It grants its wielder temporary protection when it strikes (+7 to AC).
   It protects you from fire.
 E - a +0 great sword
 J - a cursed +2 mace
 L - a +0 whip of flaming
Missiles
 d - 258 stones
 f - 32 poisoned darts
 g - 56 bolts
 q - 154 arrows
 t - a boomerang of dispersal (quivered)
 u - 41 sling bullets
 H - 6 boomerangs
Armour
 o - a +1 scale mail of fire resistance
 N - a +0 pair of gloves (worn)
 O - the +0 ring mail of Amejif (worn) {Will+ Int+5 Dex+2}
   (You found it on level 9 of the Dungeon)

   It affects your intelligence (+5).
   It affects your dexterity (+2).
   It affects your willpower, your defense against some magical effects.
Jewellery
 i - an uncursed ring of resist corrosion
 l - a ring of willpower (left hand)
 r - an uncursed ring of flight
 z - a ring of stealth (right hand)
Wands
 n - a wand of random effects (14)
 x - a wand of acid (8)
 A - a wand of flame (28)
Scrolls
 e - a scroll of amnesia
 h - 4 scrolls of remove curse
 v - 3 scrolls of noise {unknown}
 y - a scroll of blinking
 C - a scroll of immolation
 F - a scroll of magic mapping
 I - 3 scrolls of enchant weapon
Potions
 b - a potion of might
 j - 5 potions of heal wounds
 k - a potion of invisibility
 m - 4 potions of flight
 p - a potion of cancellation
 s - 3 potions of lignification
 w - 6 potions of curing
 G - 2 potions of degeneration
 K - a potion of brilliance
 P - a potion of haste


   Skills:
 - Level 5.1 Fighting
 + Level 2.2(4.0) Short Blades
 - Level 5.0(5.3) Long Blades
 - Level 10.0 Armour
 - Level 5.0 Dodging
 - Level 0.6 Stealth
 + Level 9.2 Invocations
 + Level 0.7 Evocations


You had 9 spell levels left.
You didn't know any spells.
Your spell library was empty.

Dungeon Overview and Level Annotations

Branches:
Dungeon (9/15)             Temple (0/1) D:6
   Lair: D:8-11         Orc: D:9-12

Altars:
Ashenzari
Elyvilon
Qazlal
Trog
Vehumet
Xom
Yredelemnul
Zin
The Shining One

Shops:
D:4 *   D:5 ?:   D:9 ?

Annotations:
D:8 1 runed translucent door, Zaque's ghost, novice DDMo


Innate Abilities, Weirdness & Mutations

You cannot be hasted, slowed, berserked, paralysed or teleported.
You can dig through walls and to a lower floor.
Your four strong arms can wield two-handed weapons with a shield.
You have a pair of large antennae on your head. (SInv)


Message History

The bullfrog barely misses you. The wight hits you but does no damage.
You closely miss the wight. The bullfrog hits you.
* * * LOW HITPOINT WARNING * * *
The bullfrog closely misses you.
The wight hits you with a +5 falchion of freezing.
* * * LOW HITPOINT WARNING * * *
The wight freezes you.
* * * LOW HITPOINT WARNING * * *
The bullfrog hits you.
* * * LOW HITPOINT WARNING * * *
You slash the wight!
The wight is almost destroyed.
The bullfrog misses you.
The wight hits you with a +5 falchion of freezing.
* * * LOW HITPOINT WARNING * * *
You feel drained. The wight freezes you.
* * * LOW HITPOINT WARNING * * *
The bullfrog closely misses you.
The wight hits you with a +5 falchion of freezing.
You die...

........###....................#.
........#........................
.......................#.........
...........###.........#.........
..........## #....#'#...........
.........## ##...'∩'...........
.........# #..##z#..[........
...##..### #z##........$.....
#..###.# #@F####...........
...#..o# #................#
......### #.................
#.#..#..## .#............)....
.....{...# ..#.................
.......#.## o #............$....
...≈..###.# .# .............###..
.§≈≈..o...##.# .....##..#...# ..
≈≈≈≈....{.#.o### #[###.## .


You could see a bullfrog and a wight.

Vanquished Creatures
  The ghost of destino the Digger, a novice OpEE (D:6)
  Pikel (D:7)
  A wyvern (D:9)
  Grum (D:8)
  A water moccasin (D:9)
  A phantom (D:9)
  2 orc warriors
  2 black bears
  2 ogres
  3 wolves (D:8)
  3 centaurs
  6 bullfrogs
  A scorpion (D:7)
  6 wights
  A lava snake (D:8)
  2 jellies
  3 hounds (D:8)
  5 orc wizards
  2 orc priests (D:8)
  3 iguanas
  4 worker ants
  2 hound zombies (D:4)
  A hound skeleton (D:8)
  Robin (D:3)
  2 worker ant zombies (D:4)
  3 gnolls (D:8)
  6 adders
  A shadow imp (D:9)
  2 white imps
  An ooze (D:1)
  3 adder zombies
  3 worms
  A dart slug (D:1)
  3 leopard geckos
  22 orcs
  A ball python (D:3)
  6 giant cockroaches
  2 gnoll zombies (D:6)
  15 goblins
  11 hobgoblins
  3 jackals (D:1)
  3 quokkas
  7 bats
  A frilled lizard (D:1)
  2 giant cockroach zombies
  4 kobolds
  A leopard gecko skeleton (D:4)
  A leopard gecko zombie (D:4)
  7 rats
166 creatures vanquished.

Vanquished Creatures (others)
  A withered plant (D:4)
1 creature vanquished.

Grand Total: 167 creatures vanquished

Notes
Turn   | Place    | Note
-------+----------+-------------------------------------------
     0 | Abyss:1  | Descartes the Formicid Abyssal Knight began the quest for
                  | the Orb.
     0 | Abyss:1  | Reached XP level 1. HP: 18/18 MP: 2/2
    73 | Abyss:1  | Noticed a spatial vortex
    74 | Abyss:1  | Noticed a spatial vortex
    74 | Abyss:1  | Noticed a spatial vortex
    74 | Abyss:1  | Noticed a spatial vortex
    92 | Abyss:1  | Noticed an ancient zyme
    96 | D:1      | Escaped the Abyss
   226 | D:1      | Reached skill level 1 in Dodging
   287 | D:1      | Reached XP level 2. HP: 19/24 MP: 3/3
   643 | D:1      | Reached XP level 3. HP: 30/30 MP: 3/5
   846 | D:1      | Reached ** piety under Lugonu
  1972 | D:2      | Reached XP level 4. HP: 37/37 MP: 6/6
  2277 | D:3      | Found a white marble altar of Elyvilon.
  2340 | D:3      | Reached skill level 3 in Armour
  2340 | D:3      | Reached XP level 5. HP: 30/42 MP: 7/7
  2544 | D:3      | Noticed Robin
  2584 | D:3      | Killed Robin
  2886 | D:3      | Found a bloodstained altar of Trog.
  3395 | D:4      | Noticed a black bear
  3396 | D:4      | You fall into a shaft and drop 2 floors!
  3419 | D:6      | Noticed a bullfrog
  3423 | D:5      | Entered Level 5 of the Dungeon
  3442 | D:5      | Reached XP level 6. HP: 40/49 MP: 8/8
  3798 | D:4      | Killed a black bear
  3799 | D:4      | Reached skill level 4 in Armour
  3899 | D:4      | Reached XP level 7. HP: 21/55 MP: 9/9
  4247 | D:4      | Found a broken altar of Ashenzari.
  4302 | D:4      | Reached skill level 5 in Fighting
  4331 | D:4      | Found Afimathema's General Store.
  4341 | D:4      | Reached *** piety under Lugonu
  4372 | D:4      | Found a radiant altar of Vehumet.
  4979 | D:5      | Found Fadum's Book Emporium.
  5008 | D:5      | Reached skill level 5 in Long Blades
  5254 | D:5      | Reached skill level 5 in Armour
  5661 | D:5      | Found a stormy altar of Qazlal.
  5834 | D:5      | Found Mod Kuh's Magic Scroll Boutique.
  5837 | D:5      | Bought 3 scrolls of identify for 72 gold pieces
  5986 | D:6      | Reached skill level 6 in Armour
  5986 | D:6      | Reached XP level 8. HP: 50/62 MP: 10/10
  6148 | D:6      | Found a staircase to the Ecumenical Temple.
  6219 | D:6      | Found a large runed translucent door.
  6219 | D:6      | Found a large runed translucent door.
  6223 | D:6      | Noticed destino's ghost (novice OpEE)
  6478 | D:6      | Identified the +8 dagger "Bonin Rev" {protect, rF+}
  6795 | D:6      | Found a basalt altar of Yredelemnul.
  6978 | D:6      | Killed destino's ghost
  6979 | D:6      | Reached skill level 7 in Armour
  7222 | D:7      | Reached skill level 5 in Invocations
  7222 | D:7      | Reached XP level 9. HP: 66/68 MP: 12/12
  8090 | D:7      | Found a glowing silver altar of Zin.
  8178 | D:7      | Noticed Pikel
  8200 | D:7      | Killed Pikel
  8201 | D:7      | Reached skill level 8 in Armour
  8343 | D:8      | Reached skill level 5 in Dodging
  8487 | D:8      | Reached **** piety under Lugonu
  8630 | D:8      | Found a glowing golden altar of the Shining One.
  8942 | D:8      | Reached skill level 9 in Armour
  8942 | D:8      | Reached XP level 10. HP: 72/74 MP: 15/15
  8951 | D:8      | Found a runed translucent door.
  8952 | D:8      | Found a shimmering altar of Xom.
  8952 | D:8      | Noticed Zaque's ghost (novice DDMo)
  8952 | D:8      | Noticed a +1 spear of chaos
  9316 | D:8      | Noticed Grum
  9344 | D:8      | Killed Grum
 10001 | D:9      | Got a fine ring mail
 10012 | D:9      | Identified the +0 ring mail of Amejif {Will+ Int+5 Dex+2}
                  | (You found it on level 9 of the Dungeon)
 10047 | D:9      | Reached skill level 1 in Short Blades
 10062 | D:9      | Found a stormy altar of Qazlal.
 10429 | D:9      | Found Qauluhaurch's Magic Scroll Boutique.
 10522 | D:9      | Identified a scroll of acquirement
 10525 | D:9      | Bought a scroll of identify for 28 gold pieces
 10525 | D:9      | Bought a scroll of identify for 28 gold pieces
 10527 | D:9      | Acquired a +1 spectral lajatang
 10559 | D:9      | Reached skill level 10 in Armour
 10564 | D:9      | HP: 3/72 [wight/+0 long sword (1)]
 10573 | D:9      | Slain by a wight

Illustrated notes

Levels and vault maps discovered:
D:1:      sevenhm_arrival_forest_fort_small_1, layout_loops_ring,
          grunt_decor_cap, serial_bayou_pond_e
D:2:      layout_loops_cross
D:3:      layout_basic, overflow_temple_1_default, lemuel_doored_altar,
          uniq_robin
D:4:      layout_cave_pools, lemuel_round_altar, fiery_altar_vehumet,
          serial_shops, shop, serial_undead, serial_undead_c, serial_undead_c,
          serial_undead_a, serial_undead_f
D:5:      layout_rooms, old_standard_altar, serial_shops, kennysheep_mini, shop
D:6:      layout_layer_cave, lemuel_zombie_altar_yredelemnul, temple_green,
          ebering_ghost_disaster_area, amethyst_killhole
D:7:      layout_loops_ring, zin_statuary, uniq_pikel
D:8:      layout_loops_corners, old_standard_altar, ebering_ghost_xom,
          kennysheep_another_room, uniq_grum
D:9:      layout_cave_pools, marbit_many_paths, serial_shops,
          nicolae_shop_behind_doors, nicolae_qazlal_general_emergency

Skill      XL: |  1  2  3  4  5  6  7  8  9 10 |
---------------+-------------------------------+-----
Dodging        | 1 3 5 |  5.0
Fighting       | 4 5 |  5.1
Long Blades    | 3 4 5 |  5.0
Armour         | 3 4 6 7 9 10 | 10.0
Invocations    | 5 7 9 |  9.2
Short Blades   | 2 |  2.2
Stealth        | |  0.6
Evocations     | |  0.7

Action                   |  1- 3 |  4- 6 |  7- 9 | 10-12 || total
-------------------------+-------+-------+-------+-------++-------
Melee: Falchion          |    89 |   152 |   134 |       ||   375
       Dagger            |       |       |   188 |   154 ||   342
       Lajatang          |       |       |       |    24 ||    24
 Abil: Dig               |     6 |     3 |     7 |     1 ||    17
  Use: Scroll            |       |     8 |     5 |     9 ||    22
       Potion            |       |       |     3 |     2 ||     5
Armor: Leather armour    |    21 |       |       |       ||    21
       Scale mail        |     4 |    86 |   118 |    43 ||   251
       Ring mail         |       |       |       |    42 ||    42
Dodge: Dodged            |    50 |    78 |   132 |   140 ||   400
       Rpst.: Falchion   |    19 |    23 |    20 |       ||    62
